[Event "*** Titled Tuesday Blitz"]
[Site "Chess.com"]
[Date "2020.01.07"]
[Round "3"]
[White "Pudor"]
[Black "patrisiii123"]
[Result "0-1"]
[WhiteElo "2228"]
[BlackElo "2461"]
[TimeControl "180+2"]
[EndTime "13:38:54 PST"]
[Termination "patrisiii123 won by resignation"]

1. d4 d5 2. Nf3 Nf6 3. c4 e6 4. Nc3 c6 5. Bg5 Be7 6. e3 Nbd7 7. Bd3 O-O 8. O-O dxc4 9. Bxc4 Nd5 10. Bxe7 Qxe7 11.
e4 Nxc3 12. bxc3 e5 13. Re1 exd4 14. cxd4 Nb6 15. Bb3 Be6 16. d5 Rad8 17. dxe6 Rxd1 18. exf7+ Kh8 19. Raxd1 a5 20. Nd4 a4 21. Nf5 Qe5 22. Bc2 g6 23. Nd6 Kg7 24. Rd3 Nd5 25. Nxb7 Nb4 26. Rd2 Rxf7 27. Nd6 Rf6 28. Nc4 Qc3 29. e5 Re6 30. Re4 Nxc2 31. Rd7+ Kg8 32. Rd8+ Kg7 33. Rd7+ Kf8 34. Rf4+ Ke8 0-1

[Event "*** Titled Tuesday Blitz"]
[Site "Chess.com"]
[Date "2020.01.07"]
[Round "3"]
[White "Saloni1299"]
[Black "M1711"]
[Result "0-1"]
[WhiteElo "2109"]
[BlackElo "2539"]
[TimeControl "180+2"]
[EndTime "13:38:57 PST"]
[Termination "M1711 won by resignation"]

1. e4 e5 2. Nf3 d5 3. exd5 e4 4. Ng1 Qxd5 5. Nc3 Qf5 6. Qe2 Nf6 7.
d3 Bb4 8. Bd2 Bxc3 9. Bxc3 O-O 10. O-O-O exd3 11. Qxd3 Ne4 12. Nh3 Nxc3 13. Qxc3 Nc6 14.
Bd3 Qe5 15. Qxe5 Nxe5 16. Nf4 c6 17. Rhe1 Re8 18. Bc4 Bg4 19. Be2 Bf5 20. h3 Rad8 21.
Rxd8 Rxd8 22. Rd1 Rxd1+ 23. Bxd1 Kf8 24. Kd2 Ke7 25. Be2 g5 26. Nd3 Ng6 27. Ke3 Kd6 28. c4 Bxd3 29. Bxd3 Nf4 30. Bf1 Ke5 31. g3 Ne6 32.
Bd3 f5 33. h4 h6 34. hxg5 hxg5 35. b4 g4 36. a4 b6 37. Bf1 Nd4 38. c5 Nc2+ 39. Kd2 Nxb4 40. cxb6 axb6 41. Kc3 Nd5+ 42. Kc4 Nf6 43. Bg2 Ne4 44. f4+ gxf3 45. Bxf3 Nd2+ 0-1

[Event "*** Titled Tuesday Blitz"]
[Site "Chess.com"]
[Date "2020.01.07"]
[Round "3"]
[White "otrov-11"]
[Black "PaulfromSPb"]
[Result "0-1"]
[WhiteElo "2428"]
[BlackElo "2660"]
[TimeControl "180+2"]
[EndTime "13:38:58 PST"]
[Termination "PaulfromSPb won by resignation"]

1. d4 Nf6 2. g3 c5 3. d5 e6 4. c4 b5 5. e4 Nxe4 6. Bg2 Qa5+ 7. Nd2 exd5 8. cxd5 Nd6 9. Ne2 Be7 10.
O-O O-O 11. a4 b4 12. Nb3 Qc7 13. Bf4 Ba6 14. Rc1 c4 15. Ned4 Qd8 16. Nc5 Qb6 17. Nxa6 Nxa6 18. Re1 Bf6 19. Be3 Nc5 20. Nb3 Rac8 21.
Nxc5 Rxc5 22. Bxc5 Qxc5 23. Qc2 g6 24. h4 b3 25. Qe2 Qd4 26. Rc3 Re8 27. Qf1 Rxe1 28. Qxe1 h5 29. Kh2 Kg7 30. Qe2 Qe5 31. Qd2 Qd4 32.
Qe2 Be5 33. Kh1 a5 34. Bf3 Bf6 35. Bg2 Qg4 36. Qd2 Bxc3 37. Qxc3+ f6 38. Qxa5 Qd4 39. Qc7 Nf7 40. a5 c3 41. bxc3 Qd1+ 42. Kh2 b2 43. Be4 f5 44. Bb1 Qxb1 45. a6 Qa1 46. a7 b1=Q 0-1

[Event "*** Titled Tuesday Blitz"]
[Site "Chess.com"]
[Date "2020.01.07"]
[Round "3"]
[White "attack2mateU"]
[Black "MITerryble"]
[Result "1-0"]
[WhiteElo "2687"]
[BlackElo "2917"]
[TimeControl "180+2"]
[EndTime "13:38:59 PST"]
[Termination "attack2mateU won by checkmate"]

1. e4 e6 2. d4 d5 3. Nc3 Nf6 4. e5 Nfd7 5. f4 c5 6. Nf3 Nc6 7. Be3 Be7 8. Qd2 O-O 9. dxc5 Qa5 10. O-O-O b6 11. Bb5 Nb4 12. a3 bxc5 13. Kb1 Nb6 14.
Be2 d4 15. axb4 cxb4 16. Bxd4 bxc3 17. Bxc3 Qa4 18. b3 Qe8 19. Nd4 Nd5 20. Bf3 Bb7 21.
Bb2 Qc8 22. Nb5 Rd8 23. Nd6 Bxd6 24. exd6 a5 25. f5 a4 26. Bxd5 Bxd5 27. Qg5 f6 28.
Bxf6 Rd7 29. fxe6 axb3 30. Rd2 bxc2+ 31. Kc1 Bxe6 32. Re1 Qc4 33. Bb2 Qa2 34. Rxc2 Bf7 35. Qxg7# 1-0

[Event "*** Titled Tuesday Blitz"]
[Site "Chess.com"]
[Date "2020.01.07"]
[Round "3"]
[White "FairChess_on_YouTube"]
[Black "Doraemon7"]
[Result "1-0"]
[WhiteElo "2990"]
[BlackElo "2516"]
[TimeControl "180+2"]
[EndTime "13:38:59 PST"]
[Termination "FairChess_on_YouTube won on time"]

1. e4 e5 2. Nf3 Nc6 3. Bb5 a6 4. Ba4 Nf6 5. O-O Be7 6. Re1 b5 7. Bb3 d6 8. c3 O-O 9. d4 Bg4 10.
d5 Na5 11. Bc2 c6 12. h3 Bc8 13. dxc6 Qc7 14. Nbd2 Qxc6 15. Nf1 Be6 16. a4 Rfc8 17. Ng5 Bd7 18. Ne3 h6 19. Nd5 Bd8 20. Nf3 Be6 21.
Nb4 Qb6 22. Be3 Qb8 23. axb5 axb5 24. Nd2 Bb6 25. Nf1 Nc4 26. Rxa8 Qxa8 27. Bxb6 Nxb6 28. Bd3 Qa4 29. Qe2 Nc4 30. Ne3 Qb3 31. Nd1 Qa4 32. Ne3 Qb3 33. Rb1 Nxe3 34. Qxe3 Bd7 35. Qb6 Qe6 36. Rd1 d5 37. Qxe6 fxe6 38. Bb1 Rc5 39.
Nd3 Nxe4 40. f3 Nxc3 41. bxc3 Rxc3 42. Nxe5 Be8 43. Kf2 b4 44. Rd3 Rc1 45. Rb3 Kf8 46. Rxb4 Ke7 47. f4 Kd6 48. Bd3 Kc5 49. Rb7 Ra1 50.
Rxg7 Kd4 51. Re7 1-0

[Event "*** Titled Tuesday Blitz"]
[Site "Chess.com"]
[Date "2020.01.07"]
[Round "3"]
[White "NikolaMa2000"]
[Black "albi1999"]
[Result "0-1"]
[WhiteElo "2044"]
[BlackElo "2535"]
[TimeControl "180+2"]
[EndTime "13:39:02 PST"]
[Termination "albi1999 won by resignation"]

1. d4 Nf6 2. c4 e6 3. Nf3 d5 4. g3 Bb4+ 5. Nbd2 dxc4 6. Qc2 b5 7. Bg2 Bb7 8. O-O Nbd7 9. a4 a6 10. e4 h6 11. Rd1 O-O 12. e5 Nd5 13. Ne4 Be7 14.
h4 Nb4 15. Qe2 Nd3 16. Ne1 Nxc1 17. Raxc1 Qc8 18. Kh2 c5 19. Nd6 Bxd6 20. exd6 Bxg2 21. Kxg2 Qc6+ 22. f3 Qxd6 23. dxc5 Qc7 24. axb5 axb5 25. b4 cxb3 26. Qxb5 Ra2+ 27. Kh3 Nf6 28. Qxb3 Rfa8 29. Rc2 R2a3 30. Qb6 Qc8 31. c6 e5+ 32. g4 e4 33.
c7 Qxg4+ 34. Kh2 Qxh4+ 35. Kg1 exf3 36. Rd8+ Kh7 37. Rxa8 Qxe1+ 38. Kh2 Rxa8 39. c8=Q Rxc8 40. Rxc8 Qe2+ 41. Kg3 Qg2+ 42. Kf4 Nd5+ 43. Ke5 Nxb6 0-1

[Event "*** Titled Tuesday Blitz"]
[Site "Chess.com"]
[Date "2020.01.07"]
[Round "3"]
[White "Faqade"]
[Black "platy3"]
[Result "0-1"]
[WhiteElo "2644"]
[BlackElo "2900"]
[TimeControl "180+2"]
[EndTime "13:39:04 PST"]
[Termination "platy3 won by resignation"]

1. Nf3 Nf6 2. g3 d5 3. Bg2 e6 4. O-O c5 5. d3 Nc6 6. Nc3 Be7 7. e4 O-O 8. a4 d4 9. Ne2 b6 10. Nd2 Bb7 11. f4 Ng4 12. Nc4 Na5 13. h3 Nxc4 14.
hxg4 Na5 15. g5 c4 16. Bd2 Rc8 17. g4 e5 18. fxe5 Bxg5 19. Bxg5 Qxg5 20. Rf5 Qe3+ 21. Kf1 cxd3 22. Qxd3 Nc4 23. Rf2 Rfd8 24. b3 Nxe5 25. Qxe3 dxe3 26. Rf4 Rxc2 27. Ng3 Rdd2 28. Bh1 Rf2+ 29.
Rxf2 Rxf2+ 30. Kg1 g6 31. Re1 Nxg4 32. Rxe3 Nxe3 33.
Kxf2 Ng4+ 34. Ke2 h5 35. Bf3 Ne5 36. Bg2 Kf8 37. Ke3 Ke7 38. Kf4 Kf6 39. Ke3 Bc8 40. Bf1 Be6 41. Ne2 Bxb3 42. a5 bxa5 43. Nd4 a4 44.
Nb5 Bc4 45. Bxc4 Nxc4+ 46. Kd4 a3 47. Nc3 h4 0-1

[Event "*** Titled Tuesday Blitz"]
[Site "Chess.com"]
[Date "2020.01.07"]
[Round "3"]
[White "BjarkeSahl"]
[Black "marcodobrikov"]
[Result "0-1"]
[WhiteElo "2125"]
[BlackElo "2351"]
[TimeControl "180+2"]
[EndTime "13:39:04 PST"]
[Termination "marcodobrikov won on time"]

1. d4 Nf6 2. c4 e6 3. Nf3 b6 4. g3 Bb7 5. Bg2 c5 6. d5 exd5 7. Nh4 d6 8. Nc3 g6 9. O-O Bg7 10. a4 O-O 11. a5 Nc6 12. a6 Bc8 13. Nxd5 Nxd5 14. Bxd5 Bd7 15. Ng2 Rc8 16. Ne3 Be6 17.
Ra3 Nb4 18. Bb7 Rc7 19. Nd5 Bxd5 20. Bxd5 Re7 21. Bf3 Rfe8 22. e3 Qc8 23. Bb7 Qe6 24.
Qe2 Rd8 25. Rd1 d5 26. cxd5 Nxd5 27. Rad3 Red7 28. R1d2 Nb4 29. Rxd7 Rxd7 30. Qd1 Rxd2 31. Qxd2 Bf6 32. h4 h5 33. Qe2 Kg7 34. Kg2 Qb3 35. Bf3 Nd3 36. Bd2 Nxb2 37. e4 Nc4 38. Bf4 Ne5 39. Bxe5 Bxe5 40. Qd1 c4 41. Qxb3 cxb3 42.
Bd1 b2 43. Bc2 Kf6 44. Bb1 Bc3 45. Kf3 Ke5 46. Ke3 b5 47. f4+ Kd6 48. e5+ Kc5 0-1

[Event "*** Titled Tuesday Blitz"]
[Site "Chess.com"]
[Date "2020.01.07"]
[Round "3"]
[White "gena217"]
[Black "Vuk2000"]
[Result "1-0"]
[WhiteElo "2947"]
[BlackElo "2671"]
[TimeControl "180+2"]
[EndTime "13:39:12 PST"]
[Termination "gena217 won by resignation"]

1. e4 e6 2. d4 d5 3. Nd2 Be7 4. Ngf3 Nf6 5. e5 Nfd7 6. Bd3 c5 7.
c3 b6 8. O-O Ba6 9. Bxa6 Nxa6 10. Ne1 b5 11. Qg4 g6 12. Ndf3 b4 13. cxb4 Nxb4 14.
dxc5 Nc6 15. Nd3 Nxc5 16. Nxc5 Bxc5 17. Bh6 Bf8 18. Qf4 Rb8 19. Rac1 Qd7 20. Qf6 Rg8 21. Bxf8 Kxf8 22. Ng5 Rg7 23. b3 Kg8 24. Rfd1 Ne7 25. Qf4 Qb7 26. Nf3 Nf5 27. h3 h6 28. Qa4 g5 29. Rc2 h5 30. Nd4 Nxd4 31. Qxd4 g4 32. h4 Qe7 33. g3 Rb4 34. Rc8+ Kh7 35. Qd3+ Rg6 36. Rdc1 Rb7 37. Kg2 f6 38. Qd4 Qf7 39.
R1c6 fxe5 40. Qxe5 Rf6 41. Rc2 Rd7 42. R8c7 Kg6 43.
Qg5+ Kh7 44. Rxd7 1-0

[Event "*** Titled Tuesday Blitz"]
[Site "Chess.com"]
[Date "2020.01.07"]
[Round "3"]
[White "davigator"]
[Black "brendan174"]
[Result "1-0"]
[WhiteElo "2334"]
[BlackElo "2098"]
[TimeControl "180+2"]
[EndTime "13:39:13 PST"]
[Termination "davigator won by resignation"]

1. e4 e5 2. Nf3 Nc6 3. Bc4 Bc5 4. c3 Nf6 5. d3 a6 6. a4 O-O 7. O-O Ba7 8. Bg5 h6 9. Bh4 d6 10. Re1 g5 11. Bg3 Ne7 12. d4 Ng6 13. Nbd2 Re8 14. Qb3 Qe7 15. h3 Nf4 16. Bxf4 gxf4 17. dxe5 dxe5 18.
Nxe5 Qxe5 19. Bxf7+ Kg7 20. Nf3 Qc5 21. Bxe8 Qxf2+ 22. Kh1 Nxe8 23. e5 Bxh3 24. Rg1 Bg4 25. Qxb7 Rb8 26. Qc6 Qg3 27. Nh2 Bxg1 28. Rxg1 Bf5 29.
b4 Qg6 30. Qc5 Kh7 31. Rf1 Be4 32. Nf3 Bxf3 33. Rxf3 Qh5+ 34. Kg1 Qf7 35. Qd4 Ng7 36. Rxf4 Qg6 37. Qe4 Qxe4 38. Rxe4 Re8 39. Kf2 Kg6 40.
Ke3 Kf5 41. Rc4 Rxe5+ 42. Kf3 Re7 43. Rc6 Re6 44. Rxc7 Ne8 45. Rc5+ Kf6 46. Kf4 Nd6 47. Rc6 Re4+ 48. Kf3 Re6 49. Rxa6 Kg5 50. b5 Rf6+ 51. Ke2 Kg4 52. c4 Re6+ 53. Kf2 Ne4+ 54. Ke3 Rxa6 55. bxa6 Nd6 56. a7 Nxc4+ 57. Kd4 Nb6 58. Kc5 Na8 59. Kc6 Kg3 60. Kb7 Kxg2 61. Kxa8 h5 62. Kb8 h4 63. a8=Q+ Kg3 64. Qh1 h3 1-0

[Event "*** Titled Tuesday Blitz"]
[Site "Chess.com"]
[Date "2020.01.07"]
[Round "3"]
[White "bilelou"]
[Black "severomorskij"]
[Result "1-0"]
[WhiteElo "2538"]
[BlackElo "2866"]
[TimeControl "180+2"]
[EndTime "13:39:15 PST"]
[Termination "bilelou won on time"]

1. d4 Nf6 2. c4 e6 3. Nf3 Bb4+ 4. Nbd2 O-O 5. a3 Be7 6. e4 d6 7. Be2 Nfd7 8. O-O e5 9. d5 a5 10. b3 Nc5 11. Bb2 f5 12. exf5 Bxf5 13. Ne1 Bg5 14.
Ndf3 Bh6 15. b4 Ne4 16. c5 axb4 17. axb4 Rxa1 18. Qxa1 Nd7 19. Nd3 Nef6 20. Nc1 Kh8 21. Qa2 Nh5 22. g3 Bh3 23. Rd1 Qf6 24. Nd3 Qf7 25. Nd2 Nf4 26. Nxf4 exf4 27. Ne4 fxg3 28. hxg3 Bf5 29. Qc4 Bxe4 30. Qxe4 Qxf2+ 31. Kh1 Qxg3 32. Qg4 Qxg4 33. Bxg4 Nf6 34. Bf3 dxc5 35. bxc5 Nd7 36.
c6 bxc6 37. dxc6 Nf6 38. Be5 Ne8 39. Rd8 Bg5 40. Rc8 Be7 41. Bh5 Bd6 42. Bxd6 cxd6 43.
Rxe8 Rxe8 44. Bxe8 1-0

[Event "*** Titled Tuesday Blitz"]
[Site "Chess.com"]
[Date "2020.01.07"]
[Round "3"]
[White "spectralsoul"]
[Black "ristingho"]
[Result "1/2-1/2"]
[WhiteElo "2865"]
[BlackElo "2519"]
[TimeControl "180+2"]
[EndTime "13:39:15 PST"]
[Termination "Game drawn by repetition"]

1. Nf3 Nf6 2. g3 c5 3. Bg2 Nc6 4.
c4 g6 5. O-O Bg7 6. d4 cxd4 7.
Nxd4 O-O 8. Nc3 Qa5 9. Nb3 Qh5 10. e4 Qxd1 11. Rxd1 d6 12. h3 Be6 13. Nd5 Rac8 14.
Be3 b6 15. Rac1 Nd7 16. Nd4 Bxd5 17. exd5 Nxd4 18. Bxd4 a6 19. Bxg7 Kxg7 20. f4 Kf6 21.
Kf2 b5 22. cxb5 axb5 23. Rc6 Nc5 24. b4 Rxc6 25. dxc6 Na6 26. a3 Rc8 27. Bf1 Rxc6 28. Bxb5 Rc2+ 29. Ke3 Nc7 30. Bd7 d5 31. b5 Rb2 32. a4 e5 33. Rc1 Ne6 34. a5 Nd4 35. b6 Rb3+ 36. Kd2 Ke7 37. Bc8 e4 38. Rc3 Nf3+ 39.
Kc2 Nd4+ 40. Kd2 Nf3+ 41. Kc2 Nd4+ 42. Kd2 1/2-1/2

[Event "*** Titled Tuesday Blitz"]
[Site "Chess.com"]
[Date "2020.01.07"]
[Round "3"]
[White "BeanScreen"]
[Black "Bykov_Egor"]
[Result "0-1"]
[WhiteElo "2403"]
[BlackElo "2621"]
[TimeControl "180+2"]
[EndTime "13:39:15 PST"]
[Termination "Bykov_Egor won by resignation"]

1. e4 e5 2. Nf3 Nc6 3. Bc4 Bc5 4. c3 Nf6 5. d3 O-O 6. Nbd2 a5 7. a4 d6 8. Nf1 Be6 9. Bxe6 fxe6 10. Ng3 Ne7 11. Qb3 Qc8 12. O-O Ng6 13. d4 exd4 14. cxd4 Bb6 15.
Re1 Kh8 16. Ng5 d5 17. e5 Ng4 18. Qd1 N6xe5 19. dxe5 Bxf2+ 20. Kh1 Bxg3 21. Qxg4 Bxe1 22. Bf4 Bb4 23. Qh5 h6 24. Nf7+ Rxf7 25. Qxf7 Qf8 26. Qxf8+ Rxf8 27. Bg3 Kh7 28. Rc1 c5 29. h3 Kg6 30.
Kh2 d4 31. Rd1 Rd8 32. b3 d3 33. Kg1 Kf5 34. Kf2 d2 35. Ke3 Bc3 36. Bf4 Bxe5 37.
g4+ Kf6 38. Bxe5+ Kxe5 0-1

[Event "*** Titled Tuesday Blitz"]
[Site "Chess.com"]
[Date "2020.01.07"]
[Round "3"]
[White "mohssenbinaddi"]
[Black "chessdude"]
[Result "0-1"]
[WhiteElo "2225"]
[BlackElo "2549"]
[TimeControl "180+2"]
[EndTime "13:39:15 PST"]
[Termination "chessdude won by resignation"]

1. d4 d5 2. Nf3 Nf6 3. c4 e6 4.
Nc3 dxc4 5. a4 c5 6. e3 cxd4 7. exd4 Be7 8. Bxc4 O-O 9. O-O Nc6 10. d5 exd5 11. Nxd5 Nxd5 12. Qxd5 Qxd5 13. Bxd5 Nb4 14.
Be4 f5 15. Bb1 Bf6 16. Ra3 a5 17. Re3 Bd7 18. b3 Rfe8 19. Rfe1 Kf8 20. Ne5 Be6 21.
Ng6+ hxg6 22. Rxe6 Rxe6 23. Rxe6 Rd8 24. Re1 Nd3 25.
Ba3+ Kf7 26. Rd1 Nb4 27. Rxd8 Bxd8 28. Bxb4 axb4 29. Bd3 b6 30. Kf1 Kf6 31. Bc4 Ke5 32. Ke2 g5 33. g4 fxg4 34. Ke3 Be7 35. Ba6 Bc5+ 36. Ke2 Kf4 37. Bc8 Bd6 38. Bd7 Ke4 39. Bxg4 Bxh2 40. Be6 Ke5 41. Bg8 g4 42. Kd3 Bf4 43.
Bf7 Bc1 44. Bh5 Kf4 45. Kc4 Bd2 46. Kb5 Be1 47. Kxb6 Bxf2+ 48. Kb5 g3 0-1

[Event "*** Titled Tuesday Blitz"]
[Site "Chess.com"]
[Date "2020.01.07"]
[Round "3"]
[White "13MiRacLe"]
[Black "karwowskikacper"]
[Result "1-0"]
[WhiteElo "2704"]
[BlackElo "2416"]
[TimeControl "180+2"]
[EndTime "13:39:16 PST"]
[Termination "13MiRacLe won on time"]

1. e4 c5 2. Nf3 Nc6 3. d4 cxd4 4. Nxd4 e6 5. Nc3 a6 6. Be2 Qc7 7. O-O Nf6 8. Be3 Bb4 9. Na4 Be7 10. Nxc6 bxc6 11.
Nb6 Rb8 12. Nxc8 Qxc8 13. Bd4 c5 14. Be5 Rb6 15. b3 O-O 16. Qd3 d5 17. exd5 Nxd5 18.
c4 Bf6 19. Bxf6 Nxf6 20. Rad1 a5 21. Bf3 a4 22. Rb1 axb3 23. axb3 Rd8 24. Qe3 Rd4 25.
Rfd1 Rbd6 26. Rxd4 Rxd4 27. b4 Rxc4 28. b5 Rb4 29. Rxb4 cxb4 30. b6 Nd7 31. h3 Qc5 32. Qd3 Nb8 33. b7 Qc1+ 34. Kh2 Qc7+ 35. g3 h6 36. Qb5 Qe7 37. Qe5 Qd8 38. Qc5 b3 39. Qc8 1-0

[Event "*** Titled Tuesday Blitz"]
[Site "Chess.com"]
[Date "2020.01.07"]
[Round "3"]
[White "Vegan4future"]
[Black "GadimbayliA"]
[Result "0-1"]
[WhiteElo "2428"]
[BlackElo "2961"]
[TimeControl "180+2"]
[EndTime "13:39:18 PST"]
[Termination "GadimbayliA won by resignation"]

1. d4 d5 2. c4 e5 3. dxe5 d4 4.
a3 Nc6 5. Nf3 Nge7 6. e3 Bg4 7.
Be2 dxe3 8. Qxd8+ Rxd8 9. Bxe3 Bxf3 10. Bxf3 Nxe5 11. Bxb7 Nxc4 12. Bxa7 c6 13. Bc5 Rd7 14.
Ba6 Nxb2 15. O-O Nd3 16. Bxd3 Rxd3 17. a4 Nd5 18. Re1+ Kd7 19. Bxf8 Rxf8 20. Na3 Rc3 21. Nb1 Rc5 22. Nd2 Ra8 23. Nb3 Rc3 24. Reb1 c5 25. a5 Ra6 26. g3 Kc6 27. Nd2 Nb4 28. Ne4 Rc4 29. Nd2 Rc2 30. Nf3 Kb5 31. Ne5 f6 32.
Nf7 Rd2 33. Rd1 Rxd1+ 34. Rxd1 Kxa5 35. Rd7 c4 36. Nd6 c3 37. Nc4+ Kb5 38. Ne3 g5 39. Rb7+ Rb6 40. Rxh7 c2 41. Nxc2 Nxc2 42. h4 g4 43. Rg7 f5 44. Kg2 Re6 45. h5 Ne1+ 46. Kf1 Nf3 47. Rb7+ Kc6 48. Rb1 Nd2+ 0-1

[Event "*** Titled Tuesday Blitz"]
[Site "Chess.com"]
[Date "2020.01.07"]
[Round "3"]
[White "TwentyHoursADay"]
[Black "IMUltimateBeast"]
[Result "0-1"]
[WhiteElo "2405"]
[BlackElo "2628"]
[TimeControl "180+2"]
[EndTime "13:39:18 PST"]
[Termination "IMUltimateBeast won on time"]

1. c4 e5 2. g3 Nc6 3. Nc3 Nge7 4. Bg2 g6 5. e4 Bg7 6. Nge2 O-O 7. O-O d6 8. d3 h6 9. f4 Be6 10. Nd5 Qd7 11. fxe5 dxe5 12. Bxh6 Nxd5 13. Bxg7 Ne3 14. Qd2 Kxg7 15. Qxe3 Rad8 16. Rad1 Nd4 17. Nxd4 Qxd4 18. Qxd4 Rxd4 19. Bf3 Rfd8 20. Be2 c5 21. g4 g5 22. Kg2 a5 23. a3 Rb8 24. Rb1 b5 25. cxb5 Rxb5 26.
Rfc1 Ba2 27. Ra1 Rxb2 28. Kf3 c4 29. dxc4 Rdd2 30. Re1 Rb3+ 31. Kf2 Rh3 32. Rac1 Rxh2+ 33. Ke3 Rd4 34. c5 Rh3+ 35. Bf3 Ra4 36. Rc3 f5 37. Rh1 fxg4 38. Rxh3 gxh3 39. Bg4 h2 40. Rc1 Rxa3+ 41. Kf2 Rc3 42. Rh1 Rxc5 43. Ke3 Rc3+ 44. Kd2 Rg3 45.
Bf5 Rg2+ 46. Ke3 Bc4 47. Kf3 Rb2 48. Kg4 Kf6 49. Rc1 a4 0-1

[Event "*** Titled Tuesday Blitz"]
[Site "Chess.com"]
[Date "2020.01.07"]
[Round "3"]
[White "2nd_life"]
[Black "JustaTrickstar"]
[Result "0-1"]
[WhiteElo "2511"]
[BlackElo "2743"]
[TimeControl "180+2"]
[EndTime "13:39:20 PST"]
[Termination "JustaTrickstar won on time"]

1. e4 d6 2. d4 Nf6 3. Nc3 g6 4. Nf3 Bg7 5. Be2 O-O 6. O-O a6 7. a4 Nc6 8. d5 Nb8 9. Re1 e6 10. dxe6 Bxe6 11. Nd4 Bd7 12. Bf1 Nc6 13. Nde2 Re8 14.
Nf4 Ne5 15. f3 Bc6 16. Be3 Ned7 17. Bd4 Ne5 18. Qd2 Nfd7 19. Nfd5 Bxd5 20. Nxd5 c6 21.
Nc3 Nc5 22. Rad1 Qa5 23. f4 Ng4 24. Bxg7 Kxg7 25. Be2 Nf6 26. Bf3 Rad8 27. b3 Qb4 28. Qd4 Qxd4+ 29. Rxd4 Ne6 30. Rd2 Nxf4 31. Red1 Re6 32.
g3 Nh3+ 33. Kg2 Ng5 34. e5 Rxe5 35. Rxd6 Rxd6 36. Rxd6 Re3 37. Rd3 Rxd3 38. cxd3 Nxf3 39.
Kxf3 a5 40. Kf4 Kf8 41. Ke5 Ke7 42. h3 h5 43. Ne2 Nd7+ 44. Kd4 Kd6 45. Nc3 Nc5 46.
Kc4 f5 0-1

[Event "*** Titled Tuesday Blitz"]
[Site "Chess.com"]
[Date "2020.01.07"]
[Round "3"]
[White "Federtiu"]
[Black "Aleksey_Sorokin"]
[Result "1-0"]
[WhiteElo "2525"]
[BlackElo "2856"]
[TimeControl "180+2"]
[EndTime "13:39:24 PST"]
[Termination "Federtiu won by resignation"]

1. d4 Nf6 2. c4 e6 3. Nf3 d5 4.
g3 Be7 5. Bg2 O-O 6. Nc3 dxc4 7.
Ne5 Nc6 8. Nxc6 bxc6 9. O-O Nd5 10. Qa4 Nb6 11. Qxc6 Rb8 12. Bf4 Bd6 13. Qf3 Bb7 14. Qg4 Bxg2 15. Kxg2 Nd5 16. Bxd6 Qxd6 17. Rab1 Qa6 18. Qf3 Rfd8 19. a3 Nxc3 20. bxc3 Qxa3 21.
Ra1 Qd6 22. Rxa7 h6 23. Rfa1 Rb3 24. R1a6 Qd5 25. e4 Qd7 26. Ra5 Rb6 27. e5 Rc6 28. Ra8 Rb6 29. Rxd8+ Qxd8 30. Qa8 Rb8 31. Qc6 g6 32. Qxc4 Kg7 33. Qc6 Rb6 34. Qc5 Qd7 35.
Ra7 Rc6 36. Qb4 Qd5+ 37. Kh3 h5 38. Ra8 Rb6 39. Qf8+ 1-0

[Event "*** Titled Tuesday Blitz"]
[Site "Chess.com"]
[Date "2020.01.07"]
[Round "3"]
[White "SCIM"]
[Black "tjallkompall"]
[Result "0-1"]
[WhiteElo "2479"]
[BlackElo "2763"]
[TimeControl "180+2"]
[EndTime "13:39:24 PST"]
[Termination "tjallkompall won by resignation"]

1. d4 d6 2. c4 e5 3. Nc3 exd4 4. Qxd4 Nc6 5. Qd2 Nf6 6. Nf3 Be6 7. b3 d5 8. cxd5 Nxd5 9. Bb2 Bb4 10. e4 Nf6 11.
O-O-O Qxd2+ 12. Nxd2 O-O-O 13. f3 a6 14. Bc4 Ne5 15.
Bxe6+ fxe6 16. Nc4 Nxc4 17. bxc4 Bc5 18. Rxd8+ Rxd8 19. Rd1 Rf8 20. Kc2 Bd6 21. Ne2 Nd7 22.
h3 g5 23. Nd4 Re8 24. Nb3 h5 25. g4 Rf8 26. Rd3 h4 27. Nd4 Ne5 28. Nxe6 Nxd3 29.
Nxf8 Nxb2 30. Ne6 Nxc4 31. Nxg5 Kd7 32. Kd3 Ne5+ 33. Ke2 Ng6 34. Kf1 Nf4 35. Kf2 Be7 36. Nf7 Ke6 37. Nh6 Nxh3+ 38. Kg2 Nf4+ 39. Kh1 h3 40.
Nf5 Bf6 41. Kh2 Be5 42. Kh1 c5 43. Ne3 b5 44. g5 c4 0-1

[Event "*** Titled Tuesday Blitz"]
[Site "Chess.com"]
[Date "2020.01.07"]
[Round "3"]
[White "Squirlolz"]
[Black "Terao90"]
[Result "1-0"]
[WhiteElo "2649"]
[BlackElo "2424"]
[TimeControl "180+2"]
[EndTime "13:39:24 PST"]
[Termination "Squirlolz won on time"]

1. e4 c5 2. d3 Nc6 3. f4 g6 4. Nf3 Bg7 5. g3 d5 6. Nbd2 e6 7. Bg2 Nge7 8. O-O O-O 9. c3 b6 10. Qe2 Ba6 11. e5 Qc7 12. Re1 b5 13. a3 Bb7 14. b4 d4 15. bxc5 dxc3 16. Ne4 Nd5 17. Nd6 b4 18. axb4 Ncxb4 19. d4 a5 20. Nxb7 Qxb7 21. Ba3 Rfb8 22. Rec1 h6 23. Ne1 Qd7 24. Nc2 Ra7 25. Ne3 Rd8 26. Nc4 Qb5 27. Bf1 Nxf4 28. gxf4 Rxd4 29. Rxc3 Qxc5 30. Qf2 Bf8 31. Rac1 Rad7 32.
Nd6 Qa7 33. Rc8 Kg7 34. Bb2 Rd2 35. Ne8+ Kh7 36. Nf6+ Kg7 37. Qxa7 Rxa7 38. Bc3 Rd5 39. Ne8+ 1-0

[Event "*** Titled Tuesday Blitz"]
[Site "Chess.com"]
[Date "2020.01.07"]
[Round "3"]
[White "wadsy27"]
[Black "Rhinos1"]
[Result "1-0"]
[WhiteElo "2466"]
[BlackElo "2131"]
[TimeControl "180+2"]
[EndTime "13:39:25 PST"]
[Termination "wadsy27 won by checkmate"]

1. Nf3 g6 2. g3 Bg7 3. Bg2 Nf6 4.
c4 d6 5. Nc3 O-O 6. O-O c6 7.
Rb1 e5 8. d3 Nbd7 9. b4 a6 10.
a4 h6 11. a5 Kh7 12. Na4 Nh5 13. e4 Qe7 14. Be3 Rb8 15. Qd2 b5 16. axb6 Bb7 17.
c5 d5 18. Qc2 d4 19. Bd2 f5 20. exf5 gxf5 21. Nb2 f4 22. Nc4 fxg3 23. fxg3 Nhf6 24. Nh4 Nd5 25. Be4+ Kg8 26. Ng6 Rxf1+ 27. Rxf1 Qd8 28. Nd6 a5 29. bxa5 Ba6 30. Qc1 h5 31. Bg5 N7f6 32. Bxf6 Nxf6 33. Bf5 e4 34. Be6+ Kh7 35. Ne5 Bxd3 36.
Qg5 e3 37. Nxd3 Qe7 38. Bf5+ Kh8 39. Nf4 e2 40. Ng6+ Kg8 41. Nxe7+ Kf8 42. Re1 d3 43. Bxd3 Kxe7 44. Qxg7+ Ke6 45. Rxe2+ Kd5 46. Qxf6 h4 47.
Qe5# 1-0

[Event "*** Titled Tuesday Blitz"]
[Site "Chess.com"]
[Date "2020.01.07"]
[Round "3"]
[White "Blagorod"]
[Black "dragos420"]
[Result "0-1"]
[WhiteElo "2098"]
[BlackElo "2436"]
[TimeControl "180+2"]
[EndTime "13:39:26 PST"]
[Termination "dragos420 won on time"]

1. e4 e5 2. Nf3 Nc6 3. Bb5 a6 4. Ba4 g6 5. O-O Nge7 6. c3 Bg7 7.
d4 exd4 8. cxd4 b5 9. Bb3 O-O 10. a4 b4 11. a5 d6 12. h3 Rb8 13. Nbd2 Nxd4 14. Nxd4 Bxd4 15. Nc4 Bg7 16. f4 d5 17. Ne5 Bxe5 18. fxe5 Be6 19. Bh6 Re8 20. Qe1 dxe4 21. Bxe6 fxe6 22. Rd1 Nd5 23. Qxe4 Qe7 24. Qf3 c6 25. Rd2 Qa7+ 26. Kh2 Qc7 27. Rdf2 Qxe5+ 28. g3 Qf5 29. Qb3 Qh5 30. Qd3 Qxh6 31. Qxa6 Rf8 32. Qxc6 g5 33. a6 Rxf2+ 34. Rxf2 Rf8 35. Rxf8+ Qxf8 36.
Qxe6+ Qf7 37. Qc8+ Kg7 38. Kg2 Ne3+ 0-1

[Event "*** Titled Tuesday Blitz"]
[Site "Chess.com"]
[Date "2020.01.07"]
[Round "3"]
[White "CzechmVIII"]
[Black "garfield_pg"]
[Result "1-0"]
[WhiteElo "2161"]
[BlackElo "2338"]
[TimeControl "180+2"]
[EndTime "13:39:26 PST"]
[Termination "CzechmVIII won on time"]

1. e4 c5 2. Nf3 a6 3. Nc3 d6 4.
d4 cxd4 5. Nxd4 Nf6 6. Bg5 e6 7. f4 Nc6 8. Nxc6 bxc6 9. e5 dxe5 10. Qxd8+ Kxd8 11. fxe5 h6 12. Bh4 g5 13. Bf2 Nd5 14.
Ne4 Kc7 15. O-O-O Nf4 16. h4 g4 17. h5 Bg7 18. Nd6 Rf8 19. Nc4 Nd5 20. Bc5 Rd8 21. Bd6+ Kd7 22. Be2 a5 23. Rxd5 cxd5 24. Nb6+ Kc6 25.
Nxa8 Rd7 26. Nc7 Rxc7 27. Bxc7 Kxc7 28. Bxg4 Bxe5 29. Rf1 f5 30. Be2 Bd7 31. c4 d4 32.
b3 Bf6 33. Bd3 Bg5+ 34. Kc2 Kd6 35. a3 Ke5 36. g3 Kf6 37. g4 f4 38. Be4 e5 39. Kd3 Bxg4 40. b4 axb4 41. axb4 Bxh5 42.
b5 Be8 43. b6 1-0